 Dungeon Crawl Stone Soup version 0.29.1-1-gd02db6906a (webtiles) character file.

Game seed: 17559517200081766600

581 fireball365 the Chopper (level 7, 0/59 HPs)
             Began as a Minotaur Fighter on Oct 17, 2022.
             Was an Initiate of Ashenzari.
             Slain by a gnoll
             ... wielding a +0 halberd
              (13 damage)
             ... on level 5 of the Dungeon.
             The game lasted 00:16:54 (5108 turns).

fireball365 the Chopper (Minotaur Fighter)          Turns: 5108, Time: 00:16:55

Health: 0/59       AC:  7    Str: 21    XL:     7   Next: 13%
Magic:  6/6        EV: 10    Int:  5    God:    Ashenzari [......]
Gold:   207        SH:  5    Dex: 11    Spells: 6/6 levels left

rFire   . . .      SeeInvis .   l - +1 war axe (flame)
rCold   . . .      Faith    .   c - +0 buckler
rNeg    . . .      Spirit   .   b - +0 scale mail
rPois   .          Reflect  .   (helmet restricted)
rElec   .          Harm     .   (no cloak)
rCorr   +          Rampage  .   (no gloves)
Will    .....                   (no boots)
Stlth   ..........              (no amulet)
HPRegen 0.19/turn               m - ring of resist corrosion
MPRegen 0.10/turn               w - ring of wizardry

@: no status effects
A: horns 2, retaliatory headbutt
a: Renounce Religion, Curse Item


You were on level 5 of the Dungeon.
You worshipped Ashenzari.
Ashenzari was noncommittal.
You visited 1 branch of the dungeon, and saw 5 of its levels.

You collected 207 gold pieces.

Inventory:

Hand Weapons
 a - a +0 war axe
 l - a +1 war axe of flaming (weapon)
Missiles
 h - 42 stones (quivered)
 n - 8 poisoned darts
 o - 6 silver javelins
Armour
 b - a +0 scale mail (worn)
 c - a +0 buckler (worn)
Jewellery
 m - a ring of resist corrosion (left hand)
 t - an amulet of faith
 w - a ring of wizardry (right hand)
Wands
 u - a wand of mindburst (18)
 x - a wand of flame (19)
Scrolls
 e - 5 scrolls of identify {unknown}
 f - 6 scrolls of teleportation {unknown}
 j - a scroll of blinking {unknown}
 v - 2 scrolls of fog {unknown}
Potions
 d - a potion of might
 g - 2 potions of mutation {unknown}
 i - a potion of berserk rage {unknown}
 k - 2 potions of curing {unknown}
 p - 3 potions of lignification {unknown}
 q - a potion of resistance {unknown}
 r - 2 potions of haste {unknown}
 s - a potion of brilliance {unknown}


   Skills:
 - Level 4.0 Fighting
 * Level 7.4 Axes
 + Level 5.8 Armour
 + Level 1.6 Dodging
 + Level 4.4 Shields


You had 6 spell levels left.
You didn't know any spells.
Your spell library was empty.

Dungeon Overview and Level Annotations

Branches:
Dungeon (5/15)
 Temple: D:4-7

Altars:
Ashenzari
Hepliaklqana
Nemelex Xobeh
Uskayaw

Shops:
D:5 *


Innate Abilities, Weirdness & Mutations

You have a pair of horns on your head.
You reflexively headbutt those who attack you in melee.


Message History

You block the gnoll's attack.
You closely miss the hound. You headbutt the hound!
The hound is heavily wounded.
The hound bites you but does no damage. The gnoll closely misses you.
The hound bites you.
You completely miss the hound. Your headbutt misses the hound.
The hound is heavily wounded.
The hound barely misses you. You furiously retaliate!
You headbutt the hound!
You kill the hound!
The gnoll closely misses you. The gnoll hits you with a +0 halberd.
The gnoll closely misses you. You furiously retaliate!
You headbutt the gnoll, but do no damage.
The gnoll barely misses you. x2
The gnoll barely misses you. You block the gnoll's attack.
The gnoll hits you with a +0 halberd.
You slash the gnoll! You burn the gnoll.
You kill the gnoll!
You slash the gnoll! You burn the gnoll.
You kill the gnoll!
You hit the gnoll. You burn the gnoll. You completely miss the gnoll.
You block the gnoll's attack. x2
The gnoll attacks as you move away! The gnoll closely misses you.
You furiously retaliate!
You headbutt the gnoll! The gnoll hits you with a +0 halberd!
The gnoll hits you from afar with a +0 halberd!
Things that are here:
a +0 halberd; a gnoll corpse You hit the gnoll but do no damage.
The gnoll is moderately wounded.
The gnoll barely misses you. The gnoll hits you but does no damage.
The gnoll hits you with a +0 halberd.
The gnoll hits you from afar with a +0 halberd!
* * * LOW HITPOINT WARNING * * *
You hit the gnoll. You burn the gnoll.
The gnoll is heavily wounded.
The gnoll closely misses you. You furiously retaliate!
You headbutt the gnoll!
You kill the gnoll!
The gnoll hits you from afar with a +0 halberd!
You die...

#.#####.#
#....#.####
##........
#.......#
#..∩...##
#....†.<#
##..g.)##
####..#.###
.......@).#
#...####..#
##). ..#
##. ..# #.
..# ...
.... P...


You could see a gnoll.

Vanquished Creatures
  A black bear (D:4)
  2 ogres (D:4)
  A scorpion (D:4)
  A hound (D:5)
  Jessica (D:2)
  Terence (D:3)
  An iguana (D:4)
  3 gnolls (D:5)
  3 adders
  2 worms (D:2)
  4 dart slugs
  An orc (D:4)
  7 ball pythons
  5 bats
  9 endoplasms
  5 giant cockroaches
  13 hobgoblins
  7 jackals (D:1)
  6 quokkas
  6 frilled lizards
  10 goblins
  3 kobolds
  8 rats
  4 bushes (D:4)
104 creatures vanquished.

Vanquished Creatures (others)
  4 fungi (D:4)
4 creatures vanquished.

Grand Total: 108 creatures vanquished

Notes
Turn   | Place    | Note
-------+----------+-------------------------------------------
     0 | D:1      | fireball365 the Minotaur Fighter began the quest for the
                  | Orb.
     0 | D:1      | Reached XP level 1. HP: 19/19 MP: 0/0
   217 | D:1      | Reached XP level 2. HP: 19/27 MP: 1/1
   284 | D:1      | Reached skill level 3 in Axes
   652 | D:1      | Reached XP level 3. HP: 33/33 MP: 2/2
  1313 | D:2      | Reached skill level 4 in Axes
  1328 | D:2      | Found a faded altar of an unknown god.
  1340 | D:2      | Prayed at the altar of an unknown god.
  1340 | D:2      | Became a worshipper of Ashenzari the Shackled
  1536 | D:2      | Found a sparkling altar of Nemelex Xobeh.
  1668 | D:2      | Reached XP level 4. HP: 38/40 MP: 3/3
  1903 | D:2      | Noticed Jessica
  1908 | D:2      | Killed Jessica
  2230 | D:3      | Found a hide-covered altar of Uskayaw.
  2588 | D:3      | Reached skill level 5 in Axes
  2802 | D:3      | Noticed Terence
  2812 | D:3      | Killed Terence
  2813 | D:3      | Reached XP level 5. HP: 32/46 MP: 4/4
  3333 | D:4      | Noticed a black bear
  3343 | D:4      | Killed a black bear
  3344 | D:4      | Reached skill level 6 in Axes
  3344 | D:4      | Reached skill level 5 in Armour
  3433 | D:4      | Reached skill level 1 in Dodging
  3433 | D:4      | Reached XP level 6. HP: 35/52 MP: 5/5
  4010 | D:4      | Found a hazy altar of Hepliaklqana.
  4158 | D:4      | Reached skill level 7 in Axes
  4158 | D:4      | Reached XP level 7. HP: 59/59 MP: 6/6
  5093 | D:5      | Entered Level 5 of the Dungeon
  5093 | D:5      | Found Watrobuimm's Whimsical Warehouse.
  5108 | D:5      | Slain by a gnoll

Illustrated notes

Levels and vault maps discovered:
D:1:      minmay_arrival_open_corners, layout_basic, minivault_5
D:2:      layout_basic, hellmonk_ecumenical_altar_run_dry, basic_altar,
          uniq_jessica
D:3:      layout_basic, mainiacjoe_overflow_24_doors,
          kennysheep_generic_room_13, uniq_terence
D:4:      layout_loops_corners, mainiacjoe_overflow_boulevard, serial_aquarium,
          aquarium_bridge_long_separate [aquarium_subvault_bridge,
          aquarium_subvault_bridge, aquarium_subvault_window,
          aquarium_subvault_wall, aquarium_subvault_wall,
          aquarium_subvault_bridge], aquarium_window_corridor_3,
          aquarium_window_fake, aquarium_window_fake, aquarium_view_2c,
          aquarium_view_4
D:5:      layout_loops_corners, mainiacjoe_overflow_cross_hatched,
          ebering_ghost_rock_garden, nicolae_alphabet_shops, hex_medium,
          dreamdust_gnoll_farm, uniq_duvessa

Skill      XL: |  1  2  3  4  5  6 |
---------------+-------------------+-----
Fighting       | 4 |  4.0
Axes           | 3 4 5 6 7 |  7.4
Armour         | 4 5 |  5.8
Shields        | 4 |  4.4
Dodging        | 1 |  1.6

Action                   |  1- 3 |  4- 6 |  7- 9 || total
-------------------------+-------+-------+-------++-------
Melee: War axe           |    73 |   154 |    11 ||   238
       Headbutt          |     6 |    39 |     2 ||    47
Armor: Scale mail        |    49 |    52 |     4 ||   105
Dodge: Dodged            |    40 |    58 |    15 ||   113
Block: Buckler           |    31 |    23 |     6 ||    60
